 Dungeon Crawl Stone Soup version 0.19-a0-368-g4db2635 (webtiles) character file.

46 Ordine the Magician (level 3, 0/19 HPs)
             Began as a Deep Elf Wizard on May 30, 2016.
             Slain by a goblin (1 damage)
             ... led by Robin
             ... on level 2 of the Dungeon.
             The game lasted 00:04:24 (1387 turns).

Ordine the Magician (Deep Elf Wizard)               Turns: 1387, Time: 00:04:24

Health: 0/19       AC:  4    Str:  4    XL:     3   Next: 46%
Magic:  2/11       EV: 13    Int: 23    God:
Gold:   13         SH:  0    Dex: 13    Spells: 5 memorised, 1 level left

rFire  . . .     SeeInvis .     j - +0 short sword
rCold  . . .     Gourm    .     a - +0 robe
rNeg   . . .     Faith    .     (no shield)
rPois  .         Spirit   .     b - +0 hat
rElec  .         Dismiss  .     (no cloak)
rCorr  .         Reflect  .     (no gloves)
SustAt .         Harm     .     g - +1 pair of boots
MR     .....                    (no amulet)
Stlth  ++........               (no ring)
                                (no ring)

@: repel missiles, not resistant to hostile enchantments, unstealthy
A: no striking features
a: no special abilities


You were on level 2 of the Dungeon.
You were not hungry.

You visited 1 branch of the dungeon, and saw 2 of its levels.

You collected 13 gold pieces.

Inventory:

Hand Weapons
 j - a +0 short sword (weapon)
Armour
 a - a +0 robe (worn)
 b - a +0 hat (worn)
 g - a +1 pair of boots (worn)
Scrolls
 h - 2 scrolls of identify
 i - a scroll of magic mapping
Books
 c - a book of Minor Magic

   Spells                             Type                      Level
   a - Magic Dart                     Conjuration                  1
   b - Blink                          Translocation                2
   c - Call Imp                       Summoning                    2
   d - Repel Missiles                 Charms/Air                   2
   e - Slow                           Hexes                        2
   f - Conjure Flame                  Conjuration/Fire             3
   g - Mephitic Cloud                 Conjuration/Poison/Air       3
Comestibles
 d - a bread ration
 f - 4 chunks of flesh


   Skills:
 - Level 2.4 Dodging
 - Level 2.4 Stealth
 * Level 5.4 Spellcasting
 + Level 2.3 Conjurations
   Level 1.1 Summonings
 + Level 1.8 Translocations


You had one spell level left.
You knew the following spells:

 Your Spells              Type           Power        Failure   Level  Hunger
a - Magic Dart            Conj           ###.         3%          1    None
b - Blink                 Tloc           N/A          10%         2    None
c - Conjure Flame         Conj/Fire      ##......     17%         3    ##.....
d - Mephitic Cloud        Conj/Pois/Air  #.......     21%         3    ##.....
e - Repel Missiles        Chrm/Air       #.....       17%         2    None


Dungeon Overview and Level Annotations

Branches:
Dungeon (2/15)

Altars:
Nemelex Xobeh

Annotations:
D:2 Robin


Message History

A hobgoblin comes into view.
The hobgoblin shouts!
The hobgoblin hits you. The goblin barely misses you.
Found a scroll labeled MANNIO AJUUWO.
A rat comes into view.
Casting: Blink
Confirm with . or Enter, or press ? or * to list all spells.
You blink.
Robin throws the goblin at you! The goblin closely misses you.
A goblin comes into view. It is wielding a club.
Unknown command.
Robin roars a battlecry!
The goblins go into a battle-frenzy!
Robin throws the goblin at you! The goblin hits you with a club.
You closely miss the goblin. The goblin hits you with a club.
* * * LOW HITPOINT WARNING * * *
The goblin hits you.
* * * LOW HITPOINT WARNING * * *
You hit the goblin but do no damage. The goblin hits you but does no damage.
The goblin hits you.
You die...

##
#.....#.#
#..#..#.#
#.?gr....
#.#.###.#
#.#g###.#
#..gg...#
###g#####
. #g# .
#@# #.
#g# #.#
#.# ..#
###


You could see Robin, 2 hobgoblins, 4 goblins and a rat.

Vanquished Creatures
  3 dart slugs
  2 giant geckos (D:1)
  3 giant cockroaches
  8 goblins
  8 hobgoblins
  A quokka (D:2)
  5 bats (D:1)
  A giant newt (D:1)
  A kobold (D:1)
  2 rats
34 creatures vanquished.

Notes
Turn   | Place    | Note
--------------------------------------------------------------
     0 | D:1      | Ordine the Deep Elf Wizard began the quest for the Orb.
     0 | D:1      | Reached XP level 1. HP: 10/10 MP: 7/7
   214 | D:1      | Reached XP level 2. HP: 15/15 MP: 3/9
   238 | D:1      | Learned a level 2 spell: Blink
   398 | D:1      | Reached skill level 5 in Spellcasting
   669 | D:1      | Reached XP level 3. HP: 19/19 MP: 4/11
   755 | D:1      | Learned a level 3 spell: Conjure Flame
   759 | D:1      | Learned a level 3 spell: Mephitic Cloud
   762 | D:1      | Learned a level 2 spell: Repel Missiles
  1191 | D:2      | Found a sparkling altar of Nemelex Xobeh.
  1373 | D:2      | Noticed Robin
  1387 | D:2      | Slain by a goblin

Vault maps used:
D:1:      lemuel_arrival_river_ford, minmay_close_crescents
D:2:      lemuel_doored_altar, nicolae_overflow_crystal_walls, uniq_robin,
          uniq_iyjb

Skill      XL: |  1  2 |
---------------+-------+-----
Spellcasting   | 5 |  5.4
Conjurations   | 2 |  2.3
Dodging        | |  2.4
Stealth        | |  2.4
Summonings     | |  1.1
Translocations | |  1.8

Action                   || total
-------------------------++-------
Melee: Short sword       ||     2
 Cast: Magic Dart        ||    78
       Blink             ||     2
       Repel Missiles    ||     1
  Use: Scroll            ||     3
  Eat: Chunk             ||     1
Armor: Robe              ||     6
Dodge: Dodged            ||     8
